 Dungeon Crawl Stone Soup version 0.31-a0-152-g6aa68a64a1 (webtiles) character file.

Game seed: 10697489623350270661

27 comborobin the Sneak (level 2, 0/18 HPs)
             Began as a Deep Elf Delver on June 10, 2023.
             Slain by a gnoll
             ... wielding a +0 spear
              (10 damage)
             ... on level 5 of the Dungeon.
             The game lasted 00:01:05 (101 turns).

comborobin the Sneak (Deep Elf Delver)               Turns: 101, Time: 00:01:06

Health: 0/18       AC:  3    Str:  9    XL:     2   Next: 93%
Magic:  4/4        EV:  6    Int: 14    God:
Gold:   0          SH:  0    Dex: 16    Spells: 1/1 levels left

rFire   . . .        a - +0 short sword
rCold   . . .        (no shield)
rNeg    . . .        b - +0 leather armour
rPois   .            (no helmet)
rElec   .            (no cloak)
rCorr   .            (no gloves)
SInv    .            (no boots)
Will    .....        (no amulet)
Stlth   +++          (no ring)
HPRegen 0.23/turn    (no ring)
MPRegen 0.09/turn

%: no passive effects
@: marked, held
A: no striking features
a: no special abilities


You were on level 5 of the Dungeon.
You visited 1 branch of the dungeon, and saw 2 of its levels.

Inventory:

Hand Weapons
 a - a +0 short sword (weapon)
 f - a +0 arbalest
Armour
 b - a +0 leather armour (worn)
Wands
 g - a wand of digging (2)
 h - a wand of charming (7)
Scrolls
 c - a scroll of fog
 e - a scroll of fear


   Skills:
 - Level 2.4 Fighting
 + Level 3.4 Short Blades
 - Level 2.4 Dodging
 - Level 6.0 Stealth
 + Level 0.1 Spellcasting
 * Level 0.2 Translocations


You had one spell level left.
You didn't know any spells.
Your spell library contained the following spells:

 Spells                   Type           Power      Damage    Failure   Level
 Lesser Beckoning         Tloc           0%         N/A       50%         2
 Gell's Gravitas          Tloc           0%         N/A       73%         3
 Teleport Other           Tloc           0%         N/A       73%         3


Dungeon Overview and Level Annotations

Branches:
Dungeon (6/15)
 Temple: D:4-7

Altars:


Message History

Unknown command.
Okay, then.
Aiming: Charm
Press: ? - help, Shift-Dir - straight line, f - gnoll, p - gnoll
Aim: a gnoll, wielding a +0 club (chance to affect: 57%)
The gnoll resists with significant effort.
The gnoll closely misses you.
Your gnoll closely misses the gnoll.
The gnoll hits you from afar with a +0 spear.
Unknown command.
Unknown command.
Aiming: Charm
Press: ? - help, Shift-Dir - straight line, f/p - gnoll
Aim: a gnoll, wielding a +0 club (ally target, chance to affect: 57%)
The gnoll is charmed.
The gnoll hits you from afar with a +0 spear.
The gnoll barely misses your gnoll.
Unknown command.
Aiming: Charm
Press: ? - help, Shift-Dir - straight line, f - phantom, p - gnoll
Aim: a phantom (chance to affect: 31%)
The phantom easily resists.
The gnoll barely misses you. The gnoll barely misses your gnoll.
Your gnoll closely misses the phantom.
Unknown command.
Unknown command.
Unknown command.
Aiming: Charm
Press: ? - help, Shift-Dir - straight line, f/p - phantom
Aim: a phantom (ally target, chance to affect: 31%)
The phantom easily resists.
Your gnoll hits the phantom with a +0 spear.
The gnoll hits you from afar with a +0 spear.
The gnoll hits your gnoll with a +0 club!
Unknown command.
Aiming: Charm
Press: ? - help, Shift-Dir - straight line, f/p - phantom
Aim: a phantom (moderately damaged, ally target, chance to affect: 31%)
The phantom easily resists.
The gnoll hits you from afar with a +0 spear!
Ouch! That really hurt!
You die...

*,,,,,,,,,,,,,,...#
*,,,,,*
****,***,*****,,..g..#
*,,,,,*
,,,,,,,,,*,,,,,,,....#
*,,,,,*###
****,**,,,,,,,,,,....#
*,,,,,,...
*,,*,,,,,,,,,*,,,....#
*,,,,,....
*,,*,,,,,,,,>*,**#g#.#
*,,,,.....
*,,,,,,,,.####,###g#.#
*,,,......
*,,**,***......#g..#.#
****#.....
*,***,,,,.....gg@#.#.#
#..... *,*
*,***#######W#...##
#..... *,* *,* #.##...###
#..... *,* *,* *****
#.###....####..... *,*
*,*
*,,,***#.#*#.##...##.....
*,* *,*
*,,,,,,...,#.####........
*,* *,*
*,,,,,,...,#+#**###......
*,* *,*
*,,,,,,...,,,,,,,*##.....
*,* *,*
*,,,,,,,,,,,,,,,,* #.....


You could see a phantom (ally target), 3 gnolls and 2 friendly gnolls.

Vanquished Creatures
  An iguana (D:5)
1 creature vanquished.

Vanquished Creatures (collateral kills)
  A dart slug (D:5)
1 creature vanquished.

Grand Total: 2 creatures vanquished

Notes
Turn   | Place    | Note
-------+----------+-------------------------------------------
     0 | D:5      | comborobin the Deep Elf Delver began the quest for the Orb.
     0 | D:5      | Reached XP level 1. HP: 13/13 MP: 3/3
     8 | D:5      | Noticed an iguana
    15 | D:5      | Killed an iguana
    16 | D:5      | Reached XP level 2. HP: 18/18 MP: 4/4
    96 | D:5      | Noticed a phantom
   101 | D:5      | Slain by a gnoll

Illustrated notes

Levels and vault maps discovered:
D:5:      layout_basic, gammafunk_ghost_necromancy, kennysheep_generic_room_3
D:6:      layout_basic, mainiacjoe_overflow_swirl

Skill      XL: |  1 |
---------------+----+-----
Short Blades   | 3 |  3.4
Fighting       | |  2.4
Dodging        | |  2.4
Stealth        | |  6.0
Spellcasting   | |  0.1
Translocations | |  0.2

Action                     || total
---------------------------++-------
  Melee: Short sword       ||     1
  Evoke: Wand              ||     8
    Use: Scroll            ||     1
         Potion            ||     1
   Stab: Sleeping          ||     1
 Armour: Leather armour    ||     2
  Dodge: Dodged            ||     6

Table legend: (Time is in decaauts)
 A = Elapsed time spent in this place.
 B = Non-inter-level travel time spent in this place.
 C = Inter-level travel time spent in this place.
 D = Time resting spent in this place.
 E = Time spent auto-exploring this place.
 F = Levels seen in this place.
 G = Mean time per level.
                   A        B        C        D        E       F      G
               +--------+--------+--------+--------+--------+-----+--------+
         Total |     84 |     84 |      0 |      0 |      5 |   2 |   42.0 |
       Dungeon |     84 |     84 |      0 |      0 |      5 |   2 |   42.0 |
               +--------+--------+--------+--------+--------+-----+--------+

Top non-repeatable levels by time:
     D:5: 82 daAuts
     D:6: 1 daAuts
